Cogmind - Beta 14 *** ADVENTURER MODE // 2024.08.17 @ 16:29:43 Player: KURIIRI Result: Destroyed by P-80 Master with Gamma Rifle Performance ------------- Evolutions (6) 3000 Regions Visited (13) 2600 Robots Destroyed (214) 1070 Value Destroyed (7954) 7954 Prototype IDs (41) 820 Alien Tech Used (1) 200 Bonus (3009) 3009 TOTAL SCORE: 18653 Bonus ------- High Alert Combat Kills 2570 Follower Combat Kills 188 Met Zhirov 300 Friendly Fire -49 Cogmind --------- Core Integrity 0/1150 Matter 220/300 Energy 295/295 System Corruption 5% Temperature Cool (32) Movement Hovering (42) Location -3/Proximity Caves Parts ------- > --- POWER (2) -------- Fusion Reactor > --- PROPULSION (6) --- Cooled Gravmag System Cooled Gravmag System Cooled Gravmag System VTOL Module VTOL Module Field Propulsion Drive > --- UTILITY (8) ------ Advanced Targeting Computer Improved Melee Analysis Suite Improved Power Shielding Makeshift Utility Shielding Experimental Utility Shielding Hacking Suite > --- WEAPON (3) ------- Dirty Datajack Makeshift Axe > --- INVENTORY (5) ---- Advanced Hacking Suite Dirty Datajack (20) Dirty Datajack (20) Dirty Datajack (20) Peak State ------------ > --- POWER ------------ Makeshift Power Source Fusion Reactor > --- PROPULSION ------- Cooled Gravmag System Cooled Gravmag System Cooled Gravmag System VTOL Module VTOL Module Field Propulsion Drive > --- UTILITY ---------- Advanced Targeting Computer Improved Melee Analysis Suite Improved Power Shielding Makeshift Utility Shielding Experimental Utility Shielding Hacking Suite > --- WEAPON ----------- HERF Cannon Dirty Datajack Makeshift Axe > --- INVENTORY -------- Advanced Hacking Suite Dirty Datajack Dirty Datajack Dirty Datajack [Rating: 84] Favorites ----------- Power Ion Engine Engine Ion Engine Power Core Micro Fission Core Reactor Fusion Reactor Propulsion Improved VTOL Module Treads Light Treads Hover Unit Cooled Gravmag System Flight Unit Improved VTOL Module Utility Hacking Suite Device Advanced Sensor Array Storage Small Storage Unit Processor Advanced Targeting Computer Hackware Hacking Suite Protection Improved Propulsion Shielding Weapon Power Sword Energy Gun EM Pulse Gun Energy Cannon Cooled Plasma Cannon Ballistic Gun Heavy Assault Rifle Launcher Grenade Launcher Special Weapon Enhanced Flamer Impact Weapon Hammer Slashing Weapon Power Sword Special Melee Weapon Dirty Datajack Build | -11 -10 -10 -9 -8 -7 -6 -5 -5 -4 -4 -4 -4 -3 ------- Run | Yrd Mat Min Mat Mat Fac Fac Fac Ext Fac Upp Upp Zhi Pro Slots Evolved 12 | . . . 2 2 2 2 2 . 2 . . . . Power 1 | . . . . . . 1 . . . . . . . Propulsion 4 | . . . . 1 1 1 1 . . . . . . Utility 6 | . . . 1 1 1 . 1 . 2 . . . . Weapon 1 | . . . 1 . . . . . . . . . . Parts Attached 171 | 6 4 1 14 28 18 22 27 8 17 8 10 8 . Power 20 | 1 . . 3 3 3 2 3 . 2 1 1 1 . Engine 6 | 1 . . 2 2 . . . . . . 1 . . Core 12 | . . . 1 1 3 2 2 . 2 1 . . . Reactor 2 | . . . . . . . 1 . . . . 1 . Propulsion 50 | 2 1 . 2 6 5 7 7 5 9 . 3 3 . Treads 9 | 2 1 . 2 3 . . . . 1 . . . . Leg . | . . . . . . . . . . . . . . Wheel . | . . . . . . . . . . . . . . Hover 4 | . . . . . . . 1 . . . . 3 . Flight 37 | . . . . 3 5 7 6 5 8 . 3 . . Utility 42 | 1 2 . 3 8 2 3 9 1 4 2 4 3 . Device 12 | . . . . 1 1 1 6 1 1 . . 1 . Storage 4 | 1 1 . . 1 . . . . . . . 1 . Processor 5 | . 1 . . . 1 . 1 . . 1 1 . . Hackware 4 | . . . . 2 . . . . 1 . 1 . . Protection 17 | . . . 3 4 . 2 2 . 2 1 2 1 . Artifact . | . . . . . . . . . . . . . . Weapon 59 | 2 1 1 6 11 8 10 8 2 2 5 2 1 . Energy Gun 20 | 2 . 1 5 1 3 4 3 . 1 . . . . Energy Cannon 9 | . . . . 3 1 . 3 1 . . . 1 . Ballistic Gun 1 | . . . . 1 . . . . . . . . . Ballistic Cannon . | . . . . . . . . . . . . . . Launcher 17 | . 1 . 1 3 3 5 2 . 1 . 1 . . Special Weapon 1 | . . . . . . . . . . 1 . . . Impact Weapon 4 | . . . . 3 . . . . . 1 . . . Slashing Weapon 5 | . . . . . 1 1 . 1 . 1 1 . . Piercing Weapon . | . . . . . . . . . . . . . . Special Melee Weapon 2 | . . . . . . . . . . 2 . . . Unidentified Prototypes 14 | . . . . . . 5 3 . 1 . . 5 . Parts Lost 64 | . 3 . 8 7 2 4 10 6 11 6 5 . 2 Power 7 | . . . 1 1 . 1 1 . 1 1 . . 1 Propulsion 21 | . 1 . 2 . . 1 5 4 5 1 2 . . Utility 19 | . 1 . 1 3 1 1 3 2 3 2 2 . . Weapon 17 | . 1 . 4 3 1 1 1 . 2 2 1 . 1 Highest Loss Streak 7 | . 3 . 2 4 2 3 2 3 7 6 2 . 2 To Critical Strikes 1 | . . . . . . . . . . 1 . . . Average Slot Usage (%) 75 | . 87 84 79 89 76 81 72 67 39 43 55 72 89 Engine 4 | . 14 14 7 6 . . . . . . 3 5 5 Core 3 | . . . 3 . 3 5 8 5 5 2 . . . Treads 9 | . 27 28 15 17 . . . . . . . . . Flight 14 | . . . . 9 26 28 25 25 10 12 11 15 15 Device 2 | . . . . . 2 4 6 10 3 . . . . Storage 6 | . 14 14 11 6 7 6 4 . . . . . . Processor 3 | . 3 . . . 4 6 5 5 1 3 9 10 10 Hackware 4 | . . . . 11 8 6 5 5 6 7 7 5 5 Protection 5 | . . . 15 13 7 7 2 1 1 7 8 12 15 Energy Gun 7 | . 22 13 19 1 2 4 3 . 1 . . . . Energy Cannon 1 | . . . . 5 2 . 1 5 2 . . . 5 Launcher 3 | . 4 14 7 6 . 1 . . . . . . . Impact Weapon 1 | . . . . 9 5 . . . . 3 1 . . Slashing Weapon 2 | . . . . . 1 6 5 5 4 1 7 10 5 Peak Build Rating 84 | 6 9 7 15 30 42 61 71 53 64 60 59 84 84 Average Rating 33 | 4 6 6 10 24 31 46 55 49 40 44 48 60 83 On Entrance 32 | . 6 5 7 10 27 42 53 43 46 39 44 47 84 Naked Turns . | . . . . . . . . . . . . . . Heaviest Build 45 | 14 20 20 32 45 24 25 42 22 23 14 13 35 35 Greatest Support 60 | 40 40 40 40 60 20 33 39 27 37 21 21 33 33 Greatest Overweight (x) 6 | 2 . . 1 2 4 1 1 6 1 . 1 1 1 Average Overweight (x) . | . . . . . . . . . . . . . 1 Largest Inventory Capacity 10 | 8 10 10 10 10 8 8 8 5 5 5 5 5 5 Average Capacity 7 | 7 9 10 10 8 8 8 7 5 5 5 5 5 5 Most Carried 10 | 2 10 10 10 10 8 8 8 5 5 5 5 5 4 Average Carried 6 | . 4 9 8 7 5 7 6 3 4 4 4 4 4 Final Capacity 10 | 8 10 10 10 8 8 8 5 5 5 5 5 5 5 Final Carried 10 | . 9 10 10 4 7 8 4 3 4 5 4 4 4 Class Distribution -------------------- 34% | Hacker-Mutant 26% | Hacker-Sprinter 21% | Mutant 8% | Scavenger-Mutant 3% | Scavenger-Tank Dominant Class ---------------- Mutant | -10/Materials Mutant | -10/Mines Scavenger-Tank | -9/Materials Scavenger-Mutant | -8/Materials Hacker-Sprinter | -7/Factory Hacker-Sprinter | -6/Factory Hacker-Mutant | -5/Factory Hacker-Mutant | -5/Extension Hacker-Mutant | -4/Factory Hacker-Mutant | -4/Upper Caves Derelict-Sprinter | -4/Upper Caves Derelict-Sprinter | -4/Zhirov Derelict-Mutant | -3/Proximity Caves Resources | -11 -10 -10 -9 -8 -7 -6 -5 -5 -4 -4 -4 -4 -3 ----------- Run | Yrd Mat Min Mat Mat Fac Fac Fac Ext Fac Upp Upp Zhi Pro Matter Collected 3029 | 122 269 249 320 598 225 354 428 46 30 291 97 . . Remotely . | . . . . . . . . . . . . . . Salvage Created 6957 | . 487 291 1004 1263 309 964 1698 207 212 165 357 . . Parts 378 | . 38 30 57 61 20 45 82 9 21 2 13 . . Haulers Intercepted 13 | . 2 . 1 3 2 2 3 . . . . . . Recyclers Shooed . | . . . . . . . . . . . . . . Parts Field Recycled . | . . . . . . . . . . . . . . Retrieved Matter . | . . . . . . . . . . . . . . Parts Self-Destructed 11 | . . . . . . . . . . 2 9 . . Prevented 1 | . . . . . . . . . . 1 . . . Kills | -11 -10 -10 -9 -8 -7 -6 -5 -5 -4 -4 -4 -4 -3 ------- Run | Yrd Mat Min Mat Mat Fac Fac Fac Ext Fac Upp Upp Zhi Pro Combat Hostiles Destroyed 149 | . 14 13 21 32 3 19 26 3 11 2 5 . . Melee 32 | . . . . 7 2 4 13 . 1 . 5 . . Guns 34 | . 9 5 15 . . 3 2 . . . . . . Cannons 6 | . . . . 3 . . . 3 . . . . . AOE 66 | . 4 8 5 16 . 12 11 . 10 . . . . Classes Destroyed 15 | . 6 1 4 1 1 1 1 . . . . . . Worker 18 | . 1 1 3 5 2 4 2 . . . . . . Builder 7 | . . 1 1 1 1 . 1 . 2 . . . . Tunneler 2 | . 1 1 . . . . . . . . . . . Hauler 13 | . 2 . 1 3 2 2 3 . . . . . . Recycler 7 | . . . 1 3 . . 2 1 . . . . . Operator 8 | . . . 2 3 . 1 2 . . . . . . Watcher 10 | . 1 . 2 2 1 1 2 . 1 . . . . Swarmer 48 | . 6 9 . 7 . 8 5 3 5 . 5 . . Grunt 63 | . 8 4 13 18 1 7 12 . . . . . . Duelist 3 | . . . 1 2 . . . . . . . . . Protector 1 | . . . . 1 . . . . . . . . . Sentry 17 | . . . 7 4 1 3 1 . 1 . . . . Hunter 4 | . . . . . . . 2 . . 2 . . . Programmer 12 | . . . . . 1 . 6 . 5 . . . . Behemoth 1 | . . . . . . 1 . . . . . . . Best Kill Streak 14 | . 6 6 6 13 3 7 14 3 13 2 5 . . Combat Bots Only 11 | . 6 5 4 8 1 5 11 3 10 2 5 . . Max Kills in Single Turn 5 | . 2 5 2 4 1 5 4 1 5 1 1 . . Gunslinging 1 | . 1 . 1 . . . . . . . . . . Exploded 5 | . 2 3 1 3 . 3 3 . 5 . . . . Melee 1 | . . . . 1 1 1 1 . 1 . 1 . . Uniques/NPCs Destroyed . | . . . . . . . . . . . . . . Combat | -11 -10 -10 -9 -8 -7 -6 -5 -5 -4 -4 -4 -4 -3 -------- Run | Yrd Mat Min Mat Mat Fac Fac Fac Ext Fac Upp Upp Zhi Pro Hostile Shots Fired 998 | . 50 23 90 169 38 150 147 48 153 52 63 . 15 Missed 391 | . 11 7 29 46 14 85 61 21 70 20 23 . 4 Damage Taken 8468 | . 662 148 743 1456 261 725 1423 402 1381 544 511 . 212 Core 2156 | . 163 20 83 240 57 116 218 107 596 327 192 . 37 Absorbed by Shields 10 | . . . . . . . . 10 . . . . . Redirected to Shielding 629 | . . . 52 22 7 64 185 . 162 49 63 . 25 Ignored by Resistances 2312 | . 97 48 217 423 80 214 380 116 388 149 145 . 55 Regen/Repaired (Parts) 257 | . . . . . 65 88 104 . . . . . . Core Remaining (%) 72 | 100 . 26 79 56 91 86 . 67 . . . . . Volleys Fired 277 | . 41 19 70 53 35 30 11 10 8 . . . . Largest 3 | . 2 2 3 2 2 2 2 1 1 . . . . Hottest 225 | . 100 70 121 99 124 99 225 35 45 . . . . Shots Fired 399 | . 77 22 131 62 38 33 18 10 8 . . . . Gun 278 | . 66 17 116 11 32 27 9 . . . . . . Cannon 44 | . . . . 29 3 . . 10 2 . . . . Launcher 77 | . 11 5 15 22 3 6 9 . 6 . . . . Special . | . . . . . . . . . . . . . . Kinetic 2 | . . . . 2 . . . . . . . . . Thermal 105 | . 66 . . 9 9 . 9 10 2 . . . . Explosive 77 | . 11 5 15 22 3 6 9 . 6 . . . . Electromagnetic 215 | . . 17 116 29 26 27 . . . . . . . Robot Hit Streak 36 | . 9 9 18 17 . 12 36 24 14 . . . . Robot Miss Streak 4 | . 2 3 2 3 . . 1 2 4 . . . . Penetration Max . | . . . . . . . . . . . . . . Secondary Targets 5 | . 3 . 2 . . . . . . . . . . Max Gunslinging Chain 1 | . 1 . 1 . . . . . . . . . . Shots Hit Robots 343 | . 46 10 70 61 14 26 63 10 15 10 13 . 5 Core Hits 351 | . 30 20 48 59 5 38 80 4 56 3 7 . 1 Critical Kills 4 | . . . . 2 1 . 1 . . . . . . Critical Parts Destroyed 16 | . . . . 12 4 . . . . . . . . Critical Strikes 38 | . 6 . 2 15 5 2 5 2 . . . . 1 Burn 6 | . 6 . . . . . . . . . . . . Destroy 1 | . . . . . . . 1 . . . . . . Corrupt 2 | . . . 2 . . . . . . . . . . Smash 20 | . . . . 15 5 . . . . . . . . Sever 9 | . . . . . . 2 4 2 . . . . 1 Melee Attacks 247 | . . . . 46 24 56 67 4 13 12 19 . 6 Impact 69 | . . . . 46 17 . . . . 6 . . . Slashing 171 | . . . . . 7 56 67 4 13 1 19 . 4 Piercing 7 | . . . . . . . . . . 5 . . 2 Sneak Attacks 21 | . . . . 4 5 1 9 1 1 . . . . Combat Hostiles 4 | . . . . . . . 4 . . . . . . Follow-up Attacks 2 | . . . . . . . . . . . 2 . . Damage Inflicted 19623 | . 949 532 1970 4534 550 3037 4679 398 1999 277 573 . 125 Guns 2049 | . 541 97 1031 . . 207 173 . . . . . . Cannons 773 | . . . . 485 . . . 223 65 . . . . Explosions 10111 | . 403 433 928 2769 74 2078 1936 . 1490 . . . . Melee 6615 | . . . . 1280 476 752 2513 175 444 277 573 . 125 Ramming 75 | . 5 2 11 . . . 57 . . . . . . Kinetic . | . . . . . . . . . . . . . . Thermal 2700 | . 541 . 248 45 49 1356 173 223 65 . . . . Explosive 8413 | . 403 433 680 2724 25 722 1936 . 1490 . . . . Electromagnetic 1820 | . . 97 1031 485 . 207 . . . . . . . Impact 1804 | . . . . 1280 344 . . . . 180 . . . Slashing 4797 | . . . . . 132 752 2513 175 444 89 573 . 119 Piercing 14 | . . . . . . . . . . 8 . . 6 Highest Corruption 10 | . 10 10 . . . 1 4 3 4 4 4 4 4 Average Corruption 5 | . 9 10 . . . 1 1 1 1 4 4 4 4 Corruption Purged 8 | . . . . . . . 5 3 . . . . . Corruption Blocked . | . . . . . . . . . . . . . . Effects 56 | . 3 29 . . . 2 3 1 2 7 5 2 2 Message Errors 13 | . 1 7 . . . 1 . . . 2 1 1 . Matter Fused 12 | . . 7 . . . . 1 1 2 . 1 . . Heat Flow Errors 9 | . 1 3 . . . . . . . 2 1 . 2 Energy Discharges 8 | . . 4 . . . . 1 . . 2 1 . . Parts Fused 1 | . . 1 . . . . . . . . . . . Data Loss (minor) 7 | . 1 4 . . . . 1 . . 1 . . . Data Loss (major) 5 | . . 2 . . . 1 . . . . 1 1 . Alerts 1 | . . 1 . . . . . . . . . . . Overload Shots 1 | . . . . . . . 1 . . . . . . Overflow Damage 1522 | . . 5 . 653 170 345 85 76 7 102 79 . . Projectiles 13 | . . . . . . . . 13 . . . . . Explosions 372 | . . 5 . 38 . 322 . . 7 . . . . Melee 1137 | . . . . 615 170 23 85 63 . 102 79 . . Knockbacks 9 | . . . . 6 . . . . . 3 . . . Impact 9 | . . . . 6 . . . . . 3 . . . Kinetic . | . . . . . . . . . . . . . . Secondary . | . . . . . . . . . . . . . . Self-Inflicted Damage 511 | . 25 39 66 114 88 83 96 . . . . . . Shots 23 | . 2 3 3 5 3 4 3 . . . . . . Rammed 5 | . 1 1 2 1 . . . . . . . . . Targets Rammed 6 | . 1 1 3 1 . . . . . . . . . Kicked . | . . . . . . . . . . . . . . Crushed 1 | . . . 1 . . . . . . . . . . Highest Temperature 565 | . 353 239 283 565 237 298 174 29 23 163 270 . 214 Average Temperature 81 | . 90 80 74 124 102 53 32 10 13 71 141 . 112 Received Heat Transfer 2189 | . 102 24 384 819 99 267 237 34 205 18 . . . Effects 7 | . 1 1 . 5 . . . . . . . . . Shutdowns 1 | . 1 . . . . . . . . . . . . Energy Bleed 1 | . . 1 . . . . . . . . . . . Interference 1 | . . . . 1 . . . . . . . . . Matter Decay 2 | . . . . 2 . . . . . . . . . Short Circuit 1 | . . . . 1 . . . . . . . . . Damage (minor) 1 | . . . . 1 . . . . . . . . . Siege Activations . | . . . . . . . . . . . . . . Robots Corrupted 14 | . . . 1 9 2 . . . . 2 . . . Combat Hostiles 10 | . . . 1 6 1 . . . . 2 . . . Parts Fried 26 | . . . 6 12 6 1 . . . 1 . . . Impact Corruptions 31 | . . . . 24 5 . . . . 2 . . . Robots Melted 1 | . 1 . . . . . . . . . . . . Combat Hostiles 1 | . 1 . . . . . . . . . . . . Parts Melted 7 | . 6 . . . . 1 . . . . . . . Heat Transferred 4144 | . 2035 . 300 . 50 1050 259 350 100 . . . . Parts Sabotaged 4 | . . . . . . . 4 . . . . . . Parts Stolen . | . . . . . . . . . . . . . . Parts Stripped . | . . . . . . . . . . . . . . Power Chain Reactions 4 | . . . 3 1 . . . . . . . . . Alert | -11 -10 -10 -9 -8 -7 -6 -5 -5 -4 -4 -4 -4 -3 ------- Run | Yrd Mat Min Mat Mat Fac Fac Fac Ext Fac Upp Upp Zhi Pro Peak Influence 2287 | . 310 325 924 1356 1043 2287 1710 961 762 . . . . Initial 972 | . . 102 106 332 528 401 972 637 403 . . . . Average 779 | . 144 235 442 764 766 1115 1390 718 422 . . . . Maximum Alert Level 5 | . 1 1 3 4 3 5 5 3 3 . . . . Low Security (%) 12 | 100 67 34 8 . . . . . . . . . . Level 1 17 | . 32 65 33 12 . . . . 26 . . . . Level 2 21 | . . . 44 35 35 36 . 33 69 . . . . Level 3 15 | . . . 14 30 64 23 3 66 4 . . . . Level 4 27 | . . . . 21 . 6 92 . . . . . . Level 5 4 | . . . . . . 32 4 . . . . . . High Security . | . . . . . . . . . . . . . . Max Security . | . . . . . . . . . . . . . . Squads Dispatched 59 | . 3 1 4 10 2 13 18 2 6 . . . . Investigation 28 | . 3 1 2 2 1 4 10 2 3 . . . . Extermination 4 | . . . . . 1 . 2 . 1 . . . . Reinforcement 12 | . . . 2 4 . 2 2 . 2 . . . . Assault 9 | . . . . 1 . 4 4 . . . . . . Garrison 6 | . . . . 3 . 3 . . . . . . . Intercept . | . . . . . . . . . . . . . . Searches Triggered 1 | . . . . . . . . . 1 . . . . Construction Impeded 2 | . . . 2 . . . . . . . . . . Haulers Reinforced 3 | . . . . . . 1 1 . 1 . . . . Active Scanning Responses . | . . . . . . . . . . . . . . Cargo Convoy Interrupts . | . . . . . . . . . . . . . . Stealth | -11 -10 -10 -9 -8 -7 -6 -5 -5 -4 -4 -4 -4 -3 --------- Run | Yrd Mat Min Mat Mat Fac Fac Fac Ext Fac Upp Upp Zhi Pro Distress Signals 18 | . 2 . 2 5 1 2 2 . 4 . . . . Communications Jammed 4 | . . . . . . . . 4 . . . . . Distress Signals 4 | . . . . . . . . 4 . . . . . Times Spotted 302 | . 19 10 25 61 5 40 67 17 36 3 17 . 2 Peak Tracking Total 19 | . 7 4 5 11 3 12 14 8 19 3 5 . 2 Tactical Retreats 32 | . 1 . . 5 . 7 8 2 6 . 3 . . Traps | -11 -10 -10 -9 -8 -7 -6 -5 -5 -4 -4 -4 -4 -3 ------- Run | Yrd Mat Min Mat Mat Fac Fac Fac Ext Fac Upp Upp Zhi Pro Traps Triggered 1 | . . . . . . . . 1 . . . . . Indirectly . | . . . . . . . . . . . . . . Trap Hack Attempts . | . . . . . . . . . . . . . . Triggered . | . . . . . . . . . . . . . . Disarmed . | . . . . . . . . . . . . . . Reprogrammed . | . . . . . . . . . . . . . . Reused . | . . . . . . . . . . . . . . Traps Extracted . | . . . . . . . . . . . . . . Installed . | . . . . . . . . . . . . . . Triggered 1 | . . . . 1 . . . . . . . . . Machines | -11 -10 -10 -9 -8 -7 -6 -5 -5 -4 -4 -4 -4 -3 ---------- Run | Yrd Mat Min Mat Mat Fac Fac Fac Ext Fac Upp Upp Zhi Pro Machines Disabled 129 | . 6 5 13 13 27 60 2 2 1 . . . . Max in Single Turn 6 | . 1 3 2 2 4 6 1 1 1 . . . . Garrison Access 6 | . . . . . 1 3 2 . . . . . . Machines Repaired . | . . . . . . . . . . . . . . Machines Dismantled . | . . . . . . . . . . . . . . Machines Sabotaged . | . . . . . . . . . . . . . . Overloaded Fab Kills . | . . . . . . . . . . . . . . Hacking | -11 -10 -10 -9 -8 -7 -6 -5 -5 -4 -4 -4 -4 -3 --------- Run | Yrd Mat Min Mat Mat Fac Fac Fac Ext Fac Upp Upp Zhi Pro Machines Accessed 64 | . 5 1 4 4 6 7 16 8 4 1 . 8 . Terminals 37 | . 5 1 3 4 2 3 9 8 2 . . . . Fabricators 4 | . . . . . 1 . 2 . 1 . . . . Repair Stations 4 | . . . . . 2 1 1 . . . . . . Recycling Units 1 | . . . . . . . 1 . . . . . . Scanalyzers 3 | . . . 1 . . . 1 . 1 . . . . Garrison Access 6 | . . . . . 1 3 2 . . . . . . Total Hacks 212 | . 21 5 16 20 13 15 45 15 14 1 . 47 . Successful 137 | . 10 5 7 11 7 6 22 9 12 1 . 47 . Failed 75 | . 11 . 9 9 6 9 23 6 2 . . . . Catastrophic 13 | . . . 2 1 . 2 8 . . . . . . Database Lockouts . | . . . . . . . . . . . . . . Manual 66 | . 15 . 8 13 2 5 18 1 4 . . . . Terminals 120 | . 21 5 12 20 5 8 25 15 9 . . . . Fabricators 12 | . . . . . 2 . 7 . 3 . . . . Repair Stations 14 | . . . . . 5 3 6 . . . . . . Recycling Units 2 | . . . . . . . 2 . . . . . . Scanalyzers 8 | . . . 4 . . . 2 . 2 . . . . Garrison Access 8 | . . . . . 1 4 3 . . . . . . Terminal Hacks 107 | . 10 5 6 10 2 2 7 9 8 1 . 47 . Record 49 | . . 4 . . 1 2 4 . 3 . . 35 . Part Schematic 6 | . . . . . 1 . . 1 . . . 4 . Robot Analysis 6 | . 2 . . . . . . . . . . 4 . Prototype ID Bank 16 | . 4 . 4 2 . . 1 . 1 . . 4 . Open Door 8 | . . . . . . . 1 6 . 1 . . . Branch Access Points 4 | . 1 . 1 1 . . . . 1 . . . . Terminal Index 3 | . 1 . . 1 . . 1 . . . . . . Unreport Threat 3 | . . . . 2 . . . . 1 . . . . Locate Traps 5 | . 1 . 1 1 . . . 2 . . . . . Recall Investigation 2 | . . . . 1 . . . . 1 . . . . Recall Reinforcements 2 | . . . . 2 . . . . . . . . . Zone Layout 3 | . 1 1 . . . . . . 1 . . . . Fabricator Hacks 5 | . . . . . . . 3 . 2 . . . . Load Schematic 3 | . . . . . . . 2 . 1 . . . . Build 2 | . . . . . . . 1 . 1 . . . . Repair Station Hacks 11 | . . . . . 4 2 5 . . . . . . Scan Component 6 | . . . . . 2 1 3 . . . . . . Repair 5 | . . . . . 2 1 2 . . . . . . Recycling Unit Hacks 1 | . . . . . . . 1 . . . . . . Report Inventory 1 | . . . . . . . 1 . . . . . . Scanalyzer 5 | . . . 1 . . . 2 . 2 . . . . Insert Component 3 | . . . 1 . . . 1 . 1 . . . . Analyze 2 | . . . . . . . 1 . 1 . . . . Garrison Access Hacks 4 | . . . . . 1 1 2 . . . . . . Seal Access 4 | . . . . . 1 1 2 . . . . . . Unauthorized Hacks 4 | . . . . 1 . 1 2 . . . . . . Terminals 4 | . . . . 1 . 1 2 . . . . . . Assimilate 4 | . . . . 1 . 1 2 . . . . . . Fabricators . | . . . . . . . . . . . . . . Repair Stations . | . . . . . . . . . . . . . . Recycling Units . | . . . . . . . . . . . . . . Scanalyzers . | . . . . . . . . . . . . . . Garrison Access . | . . . . . . . . . . . . . . Data Cores Recovered 1 | . . . . . . . 1 . . . . . . Used 1 | . . . . . . . 1 . . . . . . Hacking Detections 45 | . 5 1 4 4 5 6 14 3 3 . . . . Full Trace Events 29 | . 4 1 3 1 1 4 10 2 3 . . . . Feedback Events 3 | . 1 . . . . 1 1 . . . . . . Corruption 3 | . 1 . . . . 1 1 . . . . . . Feedback Blocked . | . . . . . . . . . . . . . . Robot Schematics Acquired . | . . . . . . . . . . . . . . Robots Built . | . . . . . . . . . . . . . . Authchips . | . . . . . . . . . . . . . . Time . | . . . . . . . . . . . . . . Total Robot Build Rating . | . . . . . . . . . . . . . . Part Schematics Acquired 8 | . . . . . 1 . 1 1 1 . . 4 . Parts Built 3 | . . . . . . . 2 . 1 . . . . Authchips . | . . . . . . . . . . . . . . Time 130 | . . . . . . . 95 . 35 . . . . Total Part Build Rating 16 | . . . . . . . 10 . 6 . . . . Parts Repaired 5 | . . . . . 2 1 2 . . . . . . Time 229 | . . . . . 60 19 150 . . . . . . Parts Recycled . | . . . . . . . . . . . . . . Recycled Matter . | . . . . . . . . . . . . . . Retrieved Matter . | . . . . . . . . . . . . . . Retrieved Components . | . . . . . . . . . . . . . . Parts Scanalyzed 3 | . . . 1 . . . 1 . 1 . . . . Part Schematics Acquired 2 | . . . . . . . 1 . 1 . . . . Parts Damaged 2 | . . . 1 . . . . . 1 . . . . Bothacking | -11 -10 -10 -9 -8 -7 -6 -5 -5 -4 -4 -4 -4 -3 ------------ Run | Yrd Mat Min Mat Mat Fac Fac Fac Ext Fac Upp Upp Zhi Pro Used RIF Installer . | . . . . . . . . . . . . . . Robots Hacked . | . . . . . . . . . . . . . . Non-combat . | . . . . . . . . . . . . . . Combat . | . . . . . . . . . . . . . . Robot Hacks Applied . | . . . . . . . . . . . . . . Relay Couplers Released 3 | . . . . . 1 2 . . . . . . . Machine Destruction 3 | . . . . . 1 2 . . . . . . . Fabnet Peak Effective % . | . . . . . . . . . . . . . . Robots Rewired 5 | . . . . . 1 . . 4 . . . . . Allies Hacked . | . . . . . . . . . . . . . . Hacks Repelled . | . . . . . . . . . . . . . . Allies | -11 -10 -10 -9 -8 -7 -6 -5 -5 -4 -4 -4 -4 -3 -------- Run | Yrd Mat Min Mat Mat Fac Fac Fac Ext Fac Upp Upp Zhi Pro Total Allies 15 | . . . . . 1 1 2 11 . . . . . Largest Group 8 | . . . . . 1 1 2 8 . . . . . Highest-Rated Group 337 | . . . . . 32 32 52 337 . . . . . Highest-Rated Ally 159 | . . . . . 32 32 26 159 . . . . . Total Orders . | . . . . . . . . . . . . . . Ally Attacks 69 | . . . . . 3 . . 66 . . . . . Total Damage 1193 | . . . . . 98 . . 1095 . . . . . Kills 9 | . . . . . 1 . . 8 . . . . . Allies Corrupted . | . . . . . . . . . . . . . . Allies Melted . | . . . . . . . . . . . . . . Intel | -11 -10 -10 -9 -8 -7 -6 -5 -5 -4 -4 -4 -4 -3 ------- Run | Yrd Mat Min Mat Mat Fac Fac Fac Ext Fac Upp Upp Zhi Pro Robot Analysis Total 6 | . 2 . . . . . . . . . . 4 . Derelict Logs Recovered 1 | . . . . . . . . . . 1 . . . Drone Launches . | . . . . . . . . . . . . . . Drone Recoveries . | . . . . . . . . . . . . . . Exploration | -11 -10 -10 -9 -8 -7 -6 -5 -5 -4 -4 -4 -4 -3 ------------- Run | Yrd Mat Min Mat Mat Fac Fac Fac Ext Fac Upp Upp Zhi Pro Turns Passed 6926 | 54 605 745 711 757 466 744 1607 167 365 356 220 75 54 Spaces Moved 6562 | 29 287 336 232 511 443 1036 1442 230 589 770 457 155 45 Core 54 | 6 . . . 5 42 . . 1 . . . . . Treads 1096 | 23 287 336 232 182 . . . . 36 . . . . Legs . | . . . . . . . . . . . . . . Wheels . | . . . . . . . . . . . . . . Hover 96 | . . . . . . . . . . . . 51 45 Flight 5316 | . . . . 324 401 1036 1442 229 553 770 457 104 . Fastest Speed 20 | 50 160 160 160 29 26 23 21 20 24 37 32 32 92 Average Speed 60 | 149 160 160 201 78 43 36 40 37 45 38 37 36 92 Slowest Speed 350 | 160 160 160 240 166 250 101 103 350 160 39 125 100 92 Overloaded Moves 105 | . . . . . . . . . 105 . . . . Propulsion Burnouts . | . . . . . . . . . . . . . . Robots Hopped 26 | . . . . 3 3 4 8 1 5 . 2 . . Cave-ins Triggered 1 | . 1 . . . . . . . . . . . . Exploration Rate (%) 41 | 4 59 72 26 48 16 34 27 40 24 83 74 62 11 Regions Visited 13 Branch Regions 6 Pre-discovered Areas 4 | . . 1 . . . . . . . . . 3 . Known Exits Taken 2 | . 1 . . . . . . . 1 . . . . Unknown Exits Taken 11 | 1 . 1 1 1 1 1 1 1 . 1 1 1 . Scrap Searched 6 | . . 1 . . . . . . . 3 2 . . Spaces Dug 88 | . . . . 6 2 17 13 . 50 . . . . Terrain Destroyed 1374 | . 55 55 233 258 236 374 97 3 63 . . . . Melee 39 | . . . . 6 2 17 12 . 2 . . . . Projectile 5 | . . . . . . . 2 3 . . . . . AOE 1329 | . 55 55 233 252 234 357 82 . 61 . . . . Terrain Rammed 1 | . . . . . . . 1 . . . . . . Walls Destroyed 1 | . . . . . . . 1 . . . . . . Machines Disabled . | . . . . . . . . . . . . . . Actions | -11 -10 -10 -9 -8 -7 -6 -5 -5 -4 -4 -4 -4 -3 --------- Run | Yrd Mat Min Mat Mat Fac Fac Fac Ext Fac Upp Upp Zhi Pro Total 8714 | 40 355 521 349 717 642 1281 2330 291 646 829 485 174 54 Wait 1222 | . 8 163 3 39 87 105 763 23 1 25 2 . 3 Move 6501 | 28 286 335 231 505 436 1029 1425 227 579 769 452 154 45 Hop 22 | . . . . 2 3 2 8 1 4 . 2 . . Pick Up 142 | 6 13 2 17 19 17 17 16 4 10 11 2 8 . Fast Attach 43 | . . . 2 7 . 5 7 3 10 1 7 1 . Attach 115 | 6 2 1 9 20 18 15 16 5 6 7 2 8 . Detach 18 | . . . . 2 6 5 3 . 1 1 . . . Swap 14 | . 2 . 3 1 . 2 4 . 1 . 1 . . Drop 87 | . 2 . 11 22 7 15 9 1 13 3 1 3 . Fire 277 | . 41 19 70 53 35 30 11 10 8 . . . . Melee 244 | . . . . 46 24 56 67 4 13 12 16 . 6 Ram 1 | . . . . . . . 1 . . . . . . Kick . | . . . . . . . . . . . . . . Crush 6 | . 1 1 3 1 . . . . . . . . . Escape Stasis . | . . . . . . . . . . . . . . Rewire 22 | . . . . . 9 . . 13 . . . . . Trap . | . . . . . . . . . . . . . . Miscellaneous . | . . . . . . . . . . . . . . Route ------- -11/Scrapyard -10/Materials -10/Mines -9/Materials (discovered 5 exits: *Mat / *Min x2 / Sto x2) -8/Materials -7/Factory -6/Factory -5/Factory -5/Extension -4/Factory (discovered 2 exits: *Upp x2) -4/Upper Caves -4/Upper Caves -4/Zhirov -3/Proximity Caves History --------- Turn | Location | Event 2 | -11/Scrapyard | Met Revision 17 31 | -11/Scrapyard | Discovered new exit (range 15) 55 | -11/Scrapyard | Entered Materials 317 | -10/Materials | Build established: Mutant 383 | -10/Materials | Discovered new exit (range 10) 591 | -10/Materials | Identified exit to Mines 598 | -10/Materials | Crushed by falling debris 598 | -10/Materials | Core integrity fell below 50% 598 | -10/Materials | System corruption reached 10% 629 | -10/Materials | Lost 3 parts (1n1u1w) 660 | -10/Materials | Entered Mines 701 | -10/Mines | Learned location of Storage (-9) 703 | -10/Mines | Discovered new exit (range 8) 1405 | -10/Mines | Entered Materials 1405 | -9/Materials | Evolved 2 slots: Utility x1, Weapon x1 1480 | -9/Materials | Identified exit to Mines 1480 | -9/Materials | Identified exit to Storage 1900 | -9/Materials | Discovered new exit (range 10) 2116 | -9/Materials | Entered another Materials area 2116 | -8/Materials | Evolved 2 slots: Propulsion x1, Utility x1 2323 | -8/Materials | Build established: Scavenger-Mutant 2516 | -8/Materials | First assault squad dispatched 2576 | -8/Materials | Garrison activated, responded to threat 2632 | -8/Materials | Destroyed 8 combat bots 2667 | -8/Materials | Discovered new exit (range 14) 2682 | -8/Materials | Lost 4 parts (2u2w) 2873 | -8/Materials | Entered Factory 2873 | -7/Factory | Evolved 2 slots: Propulsion x1, Utility x1 2909 | -7/Factory | Repaired Imp. VTOL Module 3200 | -7/Factory | Repaired Imp. VTOL Module 3275 | -7/Factory | Discovered new exit (range 11) 3339 | -7/Factory | Entered another Factory area 3339 | -6/Factory | Accompanied by 1 ally 3339 | -6/Factory | Evolved 2 slots: Power x1, Propulsion x1 3689 | -6/Factory | First assault squad dispatched 3751 | -6/Factory | Spotted B-75 Beast 3768 | -6/Factory | Destroyed B-75 Beast 3800 | -6/Factory | Lost 3 parts (1p1n1w) 3820 | -6/Factory | Found Prototype Launcher 3821 | -6/Factory | Identified Rocket Array 3823 | -6/Factory | Found Rocket Array 3825 | -6/Factory | Found Rocket Array 3852 | -6/Factory | Build established: Hacker-Sprinter 3961 | -6/Factory | Repaired Imp. Propulsion Shielding 4061 | -6/Factory | Discovered new exit (range 7) 4083 | -6/Factory | Entered another Factory area 4083 | -5/Factory | Evolved 2 slots: Propulsion x1, Utility x1 4249 | -5/Factory | Repaired Cld. Cesium-ion Thruster 4321 | -5/Factory | Repaired Rocket Array 4484 | -5/Factory | Destroyed 11 combat bots 5012 | -5/Factory | Build established: Hacker-Mutant 5254 | -5/Factory | Fabricated Nuclear Pulse Thruster? 5283 | -5/Factory | First assault squad dispatched 5689 | -5/Factory | Discovered new exit (range 6) 5690 | -5/Factory | Entered Extension 5706 | -5/Extension | Disrupted transfer network 5729 | -5/Extension | Rescued a captive Derelict 5731 | -5/Extension | Rescued a captive Derelict 5765 | -5/Extension | Rescued a captive Derelict 5802 | -5/Extension | Rescued A7 5815 | -5/Extension | Rescued a captive Derelict 5849 | -5/Extension | Rescued a captive Derelict 5850 | -5/Extension | Rescued a captive Derelict 5853 | -5/Extension | Spotted B-75 Beast 5854 | -5/Extension | Spotted B-75 Beast 5857 | -5/Extension | Discovered new exit (range 3) 5857 | -5/Extension | Entered Factory 5857 | -4/Factory | Evolved 2 slots: Utility x2 5921 | -4/Factory | Lost 5 parts (4n1u) 5997 | -4/Factory | Fabricated Nuclear Pulse Array? 6065 | -4/Factory | Identified exit to Upper Caves 6108 | -4/Factory | Spotted B-86 Titan 6147 | -4/Factory | Search patrols dispatched 6197 | -4/Factory | Lost 7 parts (1p2n2u2w) 6199 | -4/Factory | Core integrity fell below 50% 6222 | -4/Factory | Entered Upper Caves 6225 | -4/Upper Caves | Destroyed 10 combat bots 6372 | -4/Upper Caves | Attracted the attention of an 0b10 checkpoint 6405 | -4/Upper Caves | Core integrity fell below 20% 6435 | -4/Upper Caves | Lost 6 parts (1p1n2u2w) 6563 | -4/Upper Caves | Discovered new exit (range 6) 6570 | -4/Upper Caves | Learned 4 Research zone layouts 6578 | -4/Upper Caves | Entered another Upper Caves area 6653 | -4/Upper Caves | Found DCF Scrap (15 items) 6779 | -4/Upper Caves | Spotted B-86 Titan 6796 | -4/Upper Caves | Discovered new exit (range 7) 6798 | -4/Upper Caves | Entered Zhirov 6798 | -4/Zhirov | Discovered new exit (range 3) 6804 | -4/Zhirov | Met Zhirov 6811 | -4/Zhirov | Learned location of Quarantine (-2) 6811 | -4/Zhirov | Learned location of Testing (-3) 6811 | -4/Zhirov | Learned location of Command (-1) 6817 | -4/Zhirov | Zhirov requested help retrieving the SGEMP Prototype 6822 | -4/Zhirov | Found Alien Artifact 6823 | -4/Zhirov | Identified Integrated Reactor 6823 | -4/Zhirov | Installed Integrated Reactor, increased core energy generation (+10) 6873 | -4/Zhirov | Entered Proximity Caves 6927 | -3/Proximity Caves | Destroyed by P-80 Master with Gamma Rifle Last Messages --------------- 06837_ Identified Adv. Energy Well. 06838_ Dropped Adv. Energy Well. 06841_ Acquired Prototype Hover Unit. 06842_ Identified Cld. Gravmag System. 06844_ Acquired Cld. Gravmag System. 06849_ Acquired Fusion Reactor. 06853_ Acquired Adv. Hacking Suite. 06864_ VKO K3ABL2%XYLOXOTA%C# 5%PXGHXMM4NK 2ID 06871_ Dropped Mak. Sword. LOCATION=UNKNOWN GOAL=ESCAPE 06886_ System corrupted: Heat flow error (+181). 06915_ System corrupted: Heat flow error (+232). 06918_ Splicing P-80 Master... 06918_ P-80 Master system unaffected. 06918_ Splicing P-80 Master... 06918_ P-80 Master system unaffected. 06919_ P-80 Master Adv. Heat Sink severed. 06924_ Mak. Power Source destroyed. 06926_ HERF Cannon destroyed. Map ----- +----------------------------------------------------+ | ?????????????????????????????????????????????????? | | ?????????????????????????????????????????????????? | | ?????????????????????????????????????????????????? | | ?????????????????????????????????????????????????? | | ?????????????????????????????????????????????????? | | ?????????????????????????????????????????????????? | | ????????????????????????????#????????????????????? | | ???????????????????????????# ????????????????????? | | ???????????????????? ????# ????????????????????? | | ???????????????????? #??? ????????????????????? | | ????????????????????? #?? ????????????????????? | | ????????????????????? ?? ????????????????????? | | ?????????????????????? ## ????????????????????? | | ?????????????????????? #????????????????????? | | ??????????????????????? #????????????????????? | | ?????????####?????????? ????????????????????? | | ?????##### ##????????? #????????????????????? | | ?????# ###??????? #????????????????????? | | ?????# "" ##??????? #????????????????????? | | ?????# " ##?????? ##???????????????????? | | ?????# """" ##?????# ###?????????????????? | | ?????# ##????# ## ##???????????? | | ???????????# #????# #???????????? | | ??????????## ###?## #???????? | | ??????????# ###p## #### ???????? | | ?????????## ## ##@## ####???????????????? | | ???#####?# ### p #??????????????????? | | ???# ### #?## #???????????? | | ????# ##??# ## #??????????? | | ###### #??# ## ## ##??????????? | | ##??# ### ###?# # #???????????? | | ##???# #?# ###????##??#???????????? | | ##### #????# #?## #??????????????????????? | | ##??? #????# #??####??????????????????????? | | ##??? ##????## #????????????????????????????? | | #??? #??????#### ????????????????????????????? | | ???? ?????????? ????????????????????????????? | | ?????????? ????????????????????????????? | | ????????? ????????????????????????????? | | ## ## ??????????????????????????????????????? | | ?? ##?# ?????????????????????????????????????? | | ?? #???#?????????????????????????????????????? | | ???? #?????????????????????????????????????????? | | ????? #?????????????????????????????????????????? | | ????? ##?????????????????????????????????????????? | | ?????????????????????????????????????????????????? | | ?????????????????????????????????????????????????? | | ?????????????????????????????????????????????????? | | ?????????????????????????????????????????????????? | | ?????????????????????????????????????????????????? | +----------------------------------------------------+ Best States ------------- Heat Dissipation 51 Energy Generation 43 Energy Capacity 365 Matter Stores 300 Matter Capacity 300 Sight Range 18 Robot Scan Range 16 Terrain Scan Density 10 ECM Strength 2 Jamming Range 14 Additional Mass Support 6 Armor Coverage 450 Resistance: KI 20 Resistance: TH 20 Resistance: EX 20 Resistance: EM 20 Resistance: I 20 Resistance: S 20 Resistance: P 20 Power Shielding 66 Propulsion Shielding 66 Utility Shielding 90 Weapon Shielding 33 Evasion (%) 66 Targeting Accuracy 8 Melee Accuracy 6 Target Analysis 6 Recoil Reduction 3 Offensive Hacking 34 Item Schematics ----------------- Magnetic Acceleration Cannon | -7/Factory | Hacked Nuclear Pulse Thruster | -5/Factory | Scanalyzed Nuclear Pulse Array | -5/Extension | Hacked Field Propulsion Array | -4/Factory | Scanalyzed Assault Drone Bay | -4/Zhirov | Free Exp. Heat Sink | -4/Zhirov | Free Exp. Optical Array | -4/Zhirov | Free Imp. Arc Thrower | -4/Zhirov | Free Robot Schematics ------------------ None Fabricated ------------ Nuclear Pulse Thruster | x2 | -5/Factory Nuclear Pulse Array | x1 | -4/Factory Alien Tech Used ----------------- Integrated Reactor Achievements -------------- Factory Defaults Prolific Hacker Watch This! Challenges ------------ None Game ------ Seed AlloyLegPit Manual? 0 Play Time 02:18:58 Cumulative 32.7 hours Start 2024.08.16 @ 20:43:16 End 2024.08.17 @ 16:29:43 Sessions 7 Manual Loads 0 Difficulty Adventurer Special Mode None Game No. 19 Rogue 0 Adventurer 19 Explorer 0 Win Type - Total 0 Types 0/0/0/0/0/0/0/0/0 Lore% 20 Gallery% 36 Achievement% 37 Wizard Run 0 Options --------- Layout 1 ASCII 0 Keyboard 0 Movement Numpad Keybinds 0 Fullscreen 1 Font 48/Smallcaps Map View 50x35 Zoom Use 0% Tactical HUD 1 Map Filters NONE Filters NONE Steam 1 RUN: d5f21390-1b9d-4d36-ae7e-54bcf9b0a181